Staline vs Demolitions
Created - November 9, 2017 at 19:04
Goals
|
Staline |
1 |
0 |
2 |
3 |
Demolitions |
1 |
1 |
2 |
4 |
|
Shots
|
Staline |
9 |
11 |
9 |
29 |
Demolitions |
4 |
4 |
16 |
24 |
|
1st period
1. Demolitions , Ryan Russell 5 (Brandon McMillan 2, Ryan Bayda 12) at 3:50
2. Staline , David Desharnais 6 (Tyler Pitlick 3) at 12:34
Penalties :
No Penalty
2nd period
3. Demolitions , Ryan Bayda 17 (Darren Helm 22) at 0:06
Penalties :
Jack Skille (Vic) for Roughing (Minor) at 12:44
3rd period
4. Demolitions , Ryan Russell 6 (Brandon McMillan 3, Ryan Bayda 13) at 3:00
5. Demolitions , Corban Knight 4 (Cameron Schilling 8, Ryan Bayda 14) at 7:43
6. Staline , Jordan Caron 3 (Corey Trivino 4, Bryan Bickell 3) at 13:34
7. Staline , Nick Spaling 5 (Lars Eller 10, Dustin Kohn 12) at 19:08
Penalties :
Mike Sauer (Vic) for Hooking (Minor) at 3:27, Stu Bickel (StJ) for High sticking (Minor) at 5:42, Nick Spaling (StJ) for Cross-checking (Minor) at 13:45
Goalie Stats
Malcolm Subban (StJ), 7 saves from 7 shots - (1.000), 12:17 minutes
Allen York (StJ), 13 saves from 17 shots - (0.765), L, 4-3-2, 47:43 minutes
Joe Cannata (Vic), 26 saves from 29 shots - (0.897), W, 2-3-1, 60:00 minutes
Players Stats for Staline
Player Name G A P +/- PIM S H SB GA TA FO MP PP MP PK MP
------------------------------------------------------------------------------------
Brandon Burlon 0 0 0 -3 0 1 2 2 0 1 0/0 22:21 1:34 1:35
Bryan Bickell 0 1 1 0 0 1 3 0 0 1 0/0 12:02 0:00 1:39
Corey Trivino 0 1 1 1 0 3 2 0 0 0 1/2 10:49 0:18 0:00
Danny Kristo 0 0 0 0 0 1 1 0 0 0 1/2 8:46 0:18 0:00
David Desharnais 1 0 1 -1 0 5 4 0 1 2 3/7 17:26 1:24 1:15
Dustin Kohn 0 1 1 1 0 1 1 0 0 0 0/0 22:09 2:24 0:34
James Sheppard 0 0 0 0 0 2 2 0 0 0 1/1 16:28 1:24 0:00
Jiri Sekac 0 0 0 0 0 0 1 0 0 0 0/0 8:28 0:00 0:00
Jiri Tlusty 0 0 0 -1 0 2 0 0 0 0 1/4 22:19 2:16 2:07
Jordan Caron 1 0 1 0 0 2 0 0 0 0 0/0 11:03 0:18 0:00
Lars Eller 0 1 1 -1 0 0 2 0 0 0 13/28 20:56 2:16 0:24
Marek Zagrapan 0 0 0 0 0 3 5 0 0 0 2/2 10:00 0:00 1:32
Mike Reilly 0 0 0 1 0 2 0 3 0 0 0/0 14:19 0:00 0:42
Nick Spaling 1 0 1 0 2 1 3 1 1 0 1/1 21:28 2:16 0:59
Philip Larsen 0 0 0 -2 0 1 1 0 0 2 0/0 20:20 1:34 1:35
Stu Bickel 0 0 0 -1 2 1 2 0 0 0 0/0 24:41 2:24 1:07
Tyler Pitlick 0 1 1 0 0 3 4 0 0 1 0/0 16:28 1:24 0:00
Viktor Loov 0 0 0 1 0 0 1 2 0 0 0/0 15:57 0:00 2:23
Players Stats for Demolitions
Player Name G A P +/- PIM S H SB GA TA FO MP PP MP PK MP
------------------------------------------------------------------------------------
Alex Hutchings 0 0 0 1 0 1 0 0 0 0 0/0 5:32 0:06 0:56
Andrew Campbell 0 0 0 0 0 0 2 1 0 0 0/0 19:26 1:23 1:28
Billy Sweat 0 0 0 -1 0 0 1 1 0 0 0/1 10:17 0:00 0:00
Brandon McMillan 0 2 2 2 0 1 1 1 0 0 0/1 10:11 0:00 0:00
Cameron Schilling 0 1 1 2 0 2 3 2 1 0 0/0 27:18 2:35 2:30
Corban Knight 1 0 1 0 0 3 1 0 1 0 3/5 11:59 0:06 0:36
Darren Helm 0 1 1 0 0 3 1 0 0 0 15/22 25:19 2:08 2:24
Erik Condra 0 0 0 1 0 3 1 1 1 0 0/1 16:45 2:08 0:57
Frazer Mclaren 0 0 0 -2 0 0 1 0 1 0 0/0 17:19 1:44 0:00
Jack Skille 0 0 0 -2 2 1 1 0 0 0 1/1 18:23 1:44 0:32
Josh Beaulieu 0 0 0 1 0 0 0 0 0 0 1/1 5:37 0:06 0:00
Mike Sauer 0 0 0 2 2 1 1 0 0 1 0/0 21:51 2:35 1:09
Mitchell Moroz 0 0 0 0 0 0 0 0 0 0 0/0 0:00 0:00 0:00
Nick Pryor 0 0 0 0 0 0 0 0 0 0 0/0 5:14 0:00 0:00
Nicolas Blanchard 0 0 0 -2 0 1 1 0 1 0 4/13 17:19 1:44 0:00
Robert Bortuzzo 0 0 0 -1 0 0 0 0 0 0 0/0 12:28 0:00 0:00
Ryan Bayda 1 3 4 3 0 5 0 2 2 0 0/1 24:20 2:08 1:50
Ryan Olsen 0 0 0 0 0 0 0 0 0 0 0/0 0:00 0:00 0:00
Ryan Russell 2 0 2 2 0 3 0 0 0 0 0/0 10:11 0:00 0:00
Seth Helgeson 0 0 0 0 0 0 1 2 0 0 0/0 19:26 1:23 1:28
Taylor Aronson 0 0 0 -1 0 0 1 1 0 1 0/0 14:16 0:00 1:21
Taylor Leier 0 0 0 0 0 0 0 0 0 0 0/0 0:00 0:00 0:00
Vince Rocco 0 0 0 0 0 0 0 0 0 0 0/1 2:49 0:00 0:41
3 Stars
1 - Ryan Bayda (Vic)
2 - Ryan Russell (Vic)
3 - Brandon McMillan (Vic)
Power Play
Staline - 0 on 2 Attempt(s) - 0.00%
Demolitions - 0 on 2 Attempt(s) - 0.00%
Penalty Kill
Staline - 2 on 2 Attempt(s) - 100.00%
- Score 0 goal in Penalty Kill
Demolitions - 2 on 2 Attempt(s) - 100.00%
- Score 0 goal in Penalty Kill
Team Stat
Staline - Hits : 34 - Faceoff Wins : 23 - Blocked Shots : 8 - Penalty Minutes : 4
Demolitions - Hits : 16 - Faceoff Wins : 24 - Blocked Shots : 11 - Penalty Minutes : 4
Official
Referees : Banfield David and Meier Brad
Linesman : Scott Driscoll and Derek Nansen
Game Notes
Malcolm Subban enters game at 7:43 of 3rd period
Finance
Level 1 -- Attendance: 1490 (74.50%) -- Ticket Income $59,600
Level 2 -- Attendance: 791 (79.10%) -- Ticket Income $15,820
Total Attendance: 2281 (76.03%)
Total Ticket Income: $75,420
Other Income: $3,771
Total Income: $79,191
Staline
5 vs 5 Forward
Center Left Wing Right Wing Time % Phy DF OF
1 Lars Eller Nick Spaling Jiri Tlusty 40 1 2 2
2 David Desharnais James Sheppard Tyler Pitlick 30 1 2 2
3 Corey Trivino Bryan Bickell Jordan Caron 20 1 2 2
4 Marek Zagrapan Jiri Sekac Danny Kristo 10 1 2 2
5 vs 5 Defense
Defense Defense Time % Phy DF OF
1 Stu Bickel Dustin Kohn 40 1 2 2
2 Brandon Burlon Philip Larsen 30 1 2 2
3 Viktor Loov Mike Reilly 20 1 2 2
4 Stu Bickel Brandon Burlon 10 1 2 2
PowerPlay Forward
Center Left Wing Right Wing Time % Phy DF OF
1 Lars Eller Nick Spaling Jiri Tlusty 60 1 2 2
2 David Desharnais James Sheppard Tyler Pitlick 40 1 2 2
PowerPlay Defense
Defense Defense Time % Phy DF OF
1 Stu Bickel Dustin Kohn 60 1 2 2
2 Brandon Burlon Philip Larsen 40 1 2 2
Penalty Kill 4 Players Forward
Center Wing Time % Phy DF OF
1 Jiri Tlusty Nick Spaling 60 1 2 2
2 Lars Eller David Desharnais 40 1 2 2
Penalty Kill 4 Players Defense
Defense Defense Time % Phy DF OF
1 Stu Bickel Viktor Loov 60 1 2 2
2 Brandon Burlon Philip Larsen 40 1 2 2
Penalty Kill - 3 Players Forward
Forward Time % Phy DF OF
1 Jiri Tlusty 60 1 2 2
2 Nick Spaling 40 1 2 2
Penalty Kill - 3 Players Defense
Defense Defense Time % Phy DF OF
1 Stu Bickel Dustin Kohn 60 1 2 2
2 Brandon Burlon Philip Larsen 40 1 2 2
4 vs 4 Forward
Center Wing Time % Phy DF OF
1 Jiri Tlusty Nick Spaling 60 1 2 2
2 Lars Eller David Desharnais 40 1 2 2
4 vs 4 Defense
Defense Defense Time % Phy DF OF
1 Stu Bickel Mike Reilly 60 1 2 2
2 Brandon Burlon Philip Larsen 40 1 2 2
Last Minutes Offensive
Center Left Wing Right Wing Defense Defense
Lars Eller Nick Spaling Jiri Tlusty Stu Bickel Dustin Kohn
Last Minutes Defensive
Center Left Wing Right Wing Defense Defense
Lars Eller Nick Spaling Jiri Tlusty Stu Bickel Dustin Kohn
Goaltenders
Starting : Allen York
Backup : Malcolm Subban
Extra Forwards
Normal : Jordan Caron, Corey Trivino, Marek Zagrapan - PP : Jordan Caron, Corey Trivino - PK : Marek Zagrapan
Extra Defensemen
Normal : Viktor Loov, Mike Reilly, Brandon Burlon - PP : Viktor Loov - PK : Mike Reilly, Brandon Burlon
Penalty Shots
Jiri Tlusty, Nick Spaling, Lars Eller, David Desharnais, Tyler Pitlick
Scratches
Peter Holland (Healthy), Andrey Pedan (Healthy), Nikita Nesterov (Healthy), Charles Hudon (Healthy), Barclay Goodrow (Healthy)
David Musil (Healthy), Joni Ortio (Healthy), Sean Maguire (Healthy)
Demolitions
5 vs 5 Forward
Center Left Wing Right Wing Time % Phy DF OF
1 Darren Helm Ryan Bayda Erik Condra 40 1 2 2
2 Nicolas Blanchard Frazer Mclaren Jack Skille 30 1 2 2
3 Corban Knight Billy Sweat Darren Helm 20 1 2 2
4 Brandon McMillan Ryan Russell Ryan Bayda 10 1 2 2
5 vs 5 Defense
Defense Defense Time % Phy DF OF
1 Cameron Schilling Mike Sauer 40 1 2 2
2 Seth Helgeson Andrew Campbell 30 1 2 2
3 Robert Bortuzzo Taylor Aronson 20 1 2 2
4 Nick Pryor Cameron Schilling 10 1 2 2
PowerPlay Forward
Center Left Wing Right Wing Time % Phy DF OF
1 Darren Helm Ryan Bayda Erik Condra 60 1 2 2
2 Nicolas Blanchard Frazer Mclaren Jack Skille 40 1 2 2
PowerPlay Defense
Defense Defense Time % Phy DF OF
1 Cameron Schilling Mike Sauer 60 1 2 2
2 Seth Helgeson Andrew Campbell 40 1 2 2
Penalty Kill 4 Players Forward
Center Wing Time % Phy DF OF
1 Darren Helm Ryan Bayda 60 1 2 2
2 Erik Condra Jack Skille 40 1 2 2
Penalty Kill 4 Players Defense
Defense Defense Time % Phy DF OF
1 Cameron Schilling Mike Sauer 60 1 2 2
2 Seth Helgeson Andrew Campbell 40 1 2 2
Penalty Kill - 3 Players Forward
Forward Time % Phy DF OF
1 Darren Helm 60 1 2 2
2 Ryan Bayda 40 1 2 2
Penalty Kill - 3 Players Defense
Defense Defense Time % Phy DF OF
1 Cameron Schilling Mike Sauer 60 1 2 2
2 Seth Helgeson Andrew Campbell 40 1 2 2
4 vs 4 Forward
Center Wing Time % Phy DF OF
1 Darren Helm Ryan Bayda 60 1 2 2
2 Erik Condra Jack Skille 40 1 2 2
4 vs 4 Defense
Defense Defense Time % Phy DF OF
1 Cameron Schilling Mike Sauer 60 1 2 2
2 Seth Helgeson Andrew Campbell 40 1 2 2
Last Minutes Offensive
Center Left Wing Right Wing Defense Defense
Darren Helm Ryan Bayda Erik Condra Cameron Schilling Mike Sauer
Last Minutes Defensive
Center Left Wing Right Wing Defense Defense
Darren Helm Ryan Bayda Erik Condra Cameron Schilling Mike Sauer
Goaltenders
Starting : Joe Cannata
Backup : Olivier Roy
Extra Forwards
Normal : Josh Beaulieu, Alex Hutchings, Vince Rocco - PP : Josh Beaulieu, Alex Hutchings - PK : Vince Rocco
Extra Defensemen
Normal : Robert Bortuzzo, Taylor Aronson, Nick Pryor - PP : Robert Bortuzzo - PK : Taylor Aronson, Nick Pryor
Penalty Shots
Darren Helm, Ryan Bayda, Erik Condra, Jack Skille, Frazer Mclaren
Scratches
Thomas DiPauli (Healthy), Martins Karsums (Healthy), Bobby Butler (Healthy), Brendon Nash (Healthy), Jake Paterson (Healthy)
Jussi Rynnas (Healthy)
% Time on Ice - Staline
Lines # - Real PCT - Wanted PCT - Time Play
Normal Forward
1 - 34% - 40% - 17:23
2 - 29% - 30% - 15:06
3 - 20% - 20% - 10:16
4 - 17% - 10% - 8:28
Normal Defense
1 - 34% - 40% - 17:29
2 - 32% - 30% - 16:21
3 - 28% - 20% - 14:10
4 - 6% - 10% - 3:13
PP Forward
1 - 65% - 60% - 2:34
2 - 35% - 40% - 1:24
PP Defense
1 - 61% - 60% - 2:24
2 - 39% - 40% - 1:34
PK Forward
1 - 90% - 60% - 3:34
2 - 10% - 40% - 0:24
PK Defense
1 - 60% - 60% - 2:23
2 - 40% - 40% - 1:35
PK3 Forward
1 - 0% - 60%
2 - 0% - 40%
PK3 Defense
1 - 0% - 60%
2 - 0% - 40%
44 Forward
1 - 0% - 60%
2 - 0% - 40%
44 Defense
1 - 0% - 60%
2 - 0% - 40%
Last Minute Offensive - 0:51
Last Minute Defensive - 0:00
Total
Forward - 60:00
Defense - 60:00
|
% Time on Ice - Demolitions
Lines # - Real PCT - Wanted PCT - Time Play
Normal Forward
1 - 25% - 40% - 12:55
2 - 35% - 30% - 17:50
3 - 20% - 20% - 10:17
4 - 20% - 10% - 10:11
Normal Defense
1 - 34% - 40% - 17:30
2 - 32% - 30% - 16:35
3 - 24% - 20% - 12:28
4 - 9% - 10% - 4:40
PP Forward
1 - 56% - 60% - 2:14
2 - 44% - 40% - 1:44
PP Defense
1 - 65% - 60% - 2:35
2 - 35% - 40% - 1:23
PK Forward
1 - 76% - 60% - 3:01
2 - 24% - 40% - 0:57
PK Defense
1 - 63% - 60% - 2:30
2 - 37% - 40% - 1:28
PK3 Forward
1 - 0% - 60%
2 - 0% - 40%
PK3 Defense
1 - 0% - 60%
2 - 0% - 40%
44 Forward
1 - 0% - 60%
2 - 0% - 40%
44 Defense
1 - 0% - 60%
2 - 0% - 40%
Last Minute Offensive - 0:00
Last Minute Defensive - 0:51
Total
Forward - 60:00
Defense - 60:00
|
Play by Play
1st period
0:01 of 1st period - Darren Helm wins face-off versus Lars Eller in neutral zone.
0:12 of 1st period - Wrist shot by Ryan Bayda.
0:12 of 1st period - Stopped by Allen York without a rebound.
0:13 of 1st period - Nicolas Blanchard wins face-off versus David Desharnais in Staline zone.
0:40 of 1st period - Billy Sweat is hit by Bryan Bickell and loses puck.
0:49 of 1st period - Viktor Loov is hit by Billy Sweat and loses puck.
1:02 of 1st period - Brandon McMillan is hit by Viktor Loov and loses puck.
1:55 of 1st period - Slapshot by David Desharnais.
1:55 of 1st period - Shot Misses the Net.
2:37 of 1st period - Snap shot by Jiri Tlusty.
2:37 of 1st period - Stopped by Joe Cannata without a rebound.
2:38 of 1st period - Marek Zagrapan wins face-off versus Billy Sweat in Demolitions zone.
2:50 of 1st period - Icing by Billy Sweat.
2:51 of 1st period - Corban Knight wins face-off versus David Desharnais in Demolitions zone.
3:44 of 1st period - Slapshot by Ryan Russell.
3:44 of 1st period - Deflect By Ryan Bayda.
3:44 of 1st period - Stopped by Allen York with a rebound.
3:46 of 1st period - Slapshot by Brandon McMillan.
3:46 of 1st period - Stopped by Allen York with a rebound.
3:48 of 1st period - Slapshot by Ryan Russell.
3:48 of 1st period - Shot Misses the Net.
3:50 of 1st period - Snap shot by Ryan Russell.
3:50 of 1st period - Goal by Ryan Russell - Staline : 0 - Demolitions : 1.
3:51 of 1st period - Darren Helm wins face-off versus Lars Eller in neutral zone.
4:16 of 1st period - Stu Bickel is hit by Jack Skille.
4:31 of 1st period - Brandon McMillan is hit by James Sheppard and loses puck.
4:42 of 1st period - Corey Trivino is hit by Darren Helm and loses puck.
4:47 of 1st period - Snap shot by Corban Knight.
4:47 of 1st period - Shot Blocked by Viktor Loov.
4:49 of 1st period - Slapshot by Cameron Schilling.
4:49 of 1st period - Shot Blocked by Mike Reilly.
5:13 of 1st period - Slapshot by Jiri Tlusty.
5:13 of 1st period - Shot Misses the Net.
5:51 of 1st period - Icing by Marek Zagrapan.
5:52 of 1st period - Marek Zagrapan wins face-off versus Nicolas Blanchard in Staline zone.
7:21 of 1st period - Slapshot by Corban Knight.
7:21 of 1st period - Shot Blocked by Mike Reilly.
8:05 of 1st period - Wrist shot by Jordan Caron.
8:05 of 1st period - Stopped by Joe Cannata with a rebound.
8:07 of 1st period - Snap shot by Jordan Caron.
8:07 of 1st period - Shot Blocked by Billy Sweat.
8:09 of 1st period - Slapshot by Mike Reilly.
8:09 of 1st period - Stopped by Joe Cannata with a rebound.
8:47 of 1st period - Snap shot by Jiri Tlusty.
8:47 of 1st period - Shot Misses the Net.
9:50 of 1st period - Snap shot by James Sheppard.
9:50 of 1st period - Stopped by Joe Cannata with a rebound.
9:52 of 1st period - Snap shot by Mike Reilly.
9:52 of 1st period - Shot Misses the Net.
9:54 of 1st period - Snap shot by James Sheppard.
9:54 of 1st period - Shot Misses the Net.
10:04 of 1st period - Frazer Mclaren is hit by Marek Zagrapan and loses puck.
10:15 of 1st period - Snap shot by Marek Zagrapan.
10:15 of 1st period - Stopped by Joe Cannata with a rebound.
10:17 of 1st period - Snap shot by Danny Kristo.
10:17 of 1st period - Shot Misses the Net.
10:47 of 1st period - Snap shot by Corey Trivino.
10:47 of 1st period - Shot Blocked by Ryan Bayda.
10:49 of 1st period - Wrist shot by Philip Larsen.
10:49 of 1st period - Deflect By Bryan Bickell.
10:49 of 1st period - Stopped by Joe Cannata with a rebound.
10:51 of 1st period - Snap shot by Brandon Burlon.
10:51 of 1st period - Stopped by Joe Cannata with a rebound.
10:53 of 1st period - Slapshot by Philip Larsen.
10:53 of 1st period - Shot Misses the Net.
11:40 of 1st period - Alex Hutchings is hit by Bryan Bickell and loses puck.
12:13 of 1st period - Corban Knight is hit by David Desharnais.
12:27 of 1st period - Cameron Schilling is hit by James Sheppard and loses puck.
12:34 of 1st period - Snap shot by David Desharnais.
12:34 of 1st period - Goal by David Desharnais - Staline : 1 - Demolitions : 1.
12:35 of 1st period - Jiri Tlusty wins face-off versus Nicolas Blanchard in neutral zone.
12:35 of 1st period - Jiri Tlusty is hit by Frazer Mclaren.
12:43 of 1st period - Seth Helgeson is hit by Stu Bickel and loses puck.
13:02 of 1st period - Ryan Russell is hit by Brandon Burlon and loses puck.
13:43 of 1st period - Snap shot by Marek Zagrapan.
13:43 of 1st period - Shot Misses the Net.
13:45 of 1st period - Slapshot by Jiri Sekac.
13:45 of 1st period - Shot Misses the Net.
13:51 of 1st period - Mike Sauer is hit by Marek Zagrapan.
14:03 of 1st period - Wrist shot by Lars Eller.
14:03 of 1st period - Shot Misses the Net.
14:05 of 1st period - Slapshot by Viktor Loov.
14:05 of 1st period - Shot Blocked by Erik Condra.
14:07 of 1st period - Wrist shot by Nick Spaling.
14:07 of 1st period - Shot Misses the Net.
15:03 of 1st period - Ryan Bayda is hit by David Desharnais and loses puck.
15:22 of 1st period - Slapshot by Nicolas Blanchard.
15:22 of 1st period - Shot Misses the Net.
15:56 of 1st period - Brandon Burlon is hit by Cameron Schilling and loses puck.
16:38 of 1st period - Billy Sweat is hit by David Desharnais and loses puck.
16:53 of 1st period - Seth Helgeson is hit by Nick Spaling and loses puck.
17:39 of 1st period - Josh Beaulieu is hit by Lars Eller and loses puck.
18:00 of 1st period - Corban Knight is hit by Tyler Pitlick and loses puck.
18:07 of 1st period - Wrist shot by David Desharnais.
18:07 of 1st period - Stopped by Joe Cannata without a rebound.
18:08 of 1st period - Lars Eller wins face-off versus Darren Helm in Demolitions zone.
18:19 of 1st period - Snap shot by Nick Spaling.
18:19 of 1st period - Shot Misses the Net.
18:25 of 1st period - Mike Sauer is hit by Nick Spaling and loses puck.
18:57 of 1st period - Snap shot by Brandon McMillan.
18:57 of 1st period - Shot Misses the Net.
19:11 of 1st period - Wrist shot by Bryan Bickell.
19:11 of 1st period - Shot Misses the Net.
19:34 of 1st period - Off-side.
19:35 of 1st period - Nicolas Blanchard wins face-off versus David Desharnais in neutral zone.
19:58 of 1st period - Snap shot by Tyler Pitlick.
19:58 of 1st period - Shot Blocked by Cameron Schilling.
Goals for this period are 1 for Staline vs 1 for Demolitions.
Shots for this period are 9 for Staline vs 4 for Demolitions.
2nd period
0:01 of 2nd period - Darren Helm wins face-off versus Lars Eller in neutral zone.
0:06 of 2nd period - Wrist shot by Ryan Bayda.
0:06 of 2nd period - Goal by Ryan Bayda - Staline : 1 - Demolitions : 2.
0:07 of 2nd period - Darren Helm wins face-off versus Lars Eller in neutral zone.
0:15 of 2nd period - Icing by Brandon Burlon.
0:16 of 2nd period - Lars Eller wins face-off versus Darren Helm in Staline zone.
0:37 of 2nd period - Cameron Schilling is hit by Stu Bickel and loses puck.
0:53 of 2nd period - Cameron Schilling is hit by Brandon Burlon and loses puck.
1:16 of 2nd period - Wrist shot by Darren Helm.
1:16 of 2nd period - Stopped by Allen York with a rebound.
2:27 of 2nd period - Wrist shot by Darren Helm.
2:27 of 2nd period - Shot Blocked by Brandon Burlon.
2:43 of 2nd period - Slapshot by Jiri Tlusty.
2:43 of 2nd period - Stopped by Joe Cannata without a rebound.
2:44 of 2nd period - David Desharnais wins face-off versus Nicolas Blanchard in Demolitions zone.
2:45 of 2nd period - Snap shot by Tyler Pitlick.
2:45 of 2nd period - Shot Blocked by Seth Helgeson.
3:31 of 2nd period - Danny Kristo is hit by Taylor Aronson and loses puck.
4:35 of 2nd period - Jack Skille is hit by Corey Trivino.
4:48 of 2nd period - Seth Helgeson is hit by Tyler Pitlick and loses puck.
4:59 of 2nd period - Snap shot by Danny Kristo.
4:59 of 2nd period - Stopped by Joe Cannata without a rebound.
5:00 of 2nd period - Danny Kristo wins face-off versus Nicolas Blanchard in Demolitions zone.
5:25 of 2nd period - Viktor Loov is hit by Brandon McMillan and loses puck.
5:40 of 2nd period - Cameron Schilling is hit by Corey Trivino and loses puck.
6:24 of 2nd period - David Desharnais is hit by Andrew Campbell and loses puck.
6:48 of 2nd period - Robert Bortuzzo is hit by Marek Zagrapan and loses puck.
7:56 of 2nd period - Andrew Campbell is hit by Danny Kristo and loses puck.
8:49 of 2nd period - Snap shot by Tyler Pitlick.
8:49 of 2nd period - Shot Misses the Net.
8:51 of 2nd period - Slapshot by Dustin Kohn.
8:51 of 2nd period - Shot Hit the Post.
8:53 of 2nd period - Snap shot by Stu Bickel.
8:53 of 2nd period - Stopped by Joe Cannata with a rebound.
9:03 of 2nd period - Wrist shot by Nick Spaling.
9:03 of 2nd period - Deflect By Lars Eller.
9:03 of 2nd period - Shot Misses the Net.
9:03 of 2nd period - Puck is out of play.
9:04 of 2nd period - Lars Eller wins face-off versus Vince Rocco in Demolitions zone.
9:17 of 2nd period - Snap shot by Erik Condra.
9:17 of 2nd period - Shot Misses the Net.
9:29 of 2nd period - Philip Larsen is hit by Corban Knight and loses puck.
9:36 of 2nd period - Wrist shot by Corban Knight.
9:36 of 2nd period - Stopped by Allen York with a rebound.
9:38 of 2nd period - Snap shot by Darren Helm.
9:38 of 2nd period - Deflect By Billy Sweat.
9:38 of 2nd period - Shot Misses the Net.
9:38 of 2nd period - Puck is out of play.
9:39 of 2nd period - Nicolas Blanchard wins face-off versus Lars Eller in Staline zone.
9:50 of 2nd period - Snap shot by Jack Skille.
9:50 of 2nd period - Shot Blocked by Mike Reilly.
10:47 of 2nd period - Backhand shot by Ryan Bayda.
10:47 of 2nd period - Shot Misses the Net.
10:57 of 2nd period - Nicolas Blanchard is hit by Philip Larsen and loses puck.
11:20 of 2nd period - Slapshot by Dustin Kohn.
11:20 of 2nd period - Deflect By James Sheppard.
11:20 of 2nd period - Shot Misses the Net.
11:20 of 2nd period - Puck is out of play.
11:21 of 2nd period - David Desharnais wins face-off versus Ryan Bayda in Demolitions zone.
11:22 of 2nd period - Wrist shot by Tyler Pitlick.
11:22 of 2nd period - Stopped by Joe Cannata with a rebound.
11:24 of 2nd period - Snap shot by Tyler Pitlick.
11:24 of 2nd period - Stopped by Joe Cannata with a rebound.
11:32 of 2nd period - Brandon McMillan is hit by Dustin Kohn and loses puck.
12:38 of 2nd period - Snap shot by Ryan Russell.
12:38 of 2nd period - Stopped by Allen York without a rebound.
12:39 of 2nd period - Lars Eller wins face-off versus Nicolas Blanchard in Staline zone.
12:39 of 2nd period - Lars Eller is hit by Nicolas Blanchard.
12:44 of 2nd period - Minor Penalty to Jack Skille for Roughing.
12:45 of 2nd period - Darren Helm wins face-off versus Lars Eller in Demolitions zone.
14:32 of 2nd period - Icing by Jiri Tlusty.
14:33 of 2nd period - David Desharnais wins face-off versus Corban Knight in Staline zone.
14:44 of 2nd period - Penalty to Jack Skille is over, Jack Skille is back on ice.
15:02 of 2nd period - Snap shot by Marek Zagrapan.
15:02 of 2nd period - Stopped by Joe Cannata without a rebound.
15:03 of 2nd period - Jack Skille wins face-off versus Corey Trivino in Demolitions zone.
15:33 of 2nd period - Slapshot by Corban Knight.
15:33 of 2nd period - Shot Misses the Net.
15:49 of 2nd period - Seth Helgeson is hit by David Desharnais and loses puck.
16:08 of 2nd period - Snap shot by Marek Zagrapan.
16:08 of 2nd period - Shot Blocked by Seth Helgeson.
16:10 of 2nd period - Slapshot by Mike Reilly.
16:10 of 2nd period - Stopped by Joe Cannata with a rebound.
16:12 of 2nd period - Snap shot by Viktor Loov.
16:12 of 2nd period - Shot Blocked by Andrew Campbell.
16:14 of 2nd period - Slapshot by Philip Larsen.
16:14 of 2nd period - Stopped by Joe Cannata with a rebound.
18:22 of 2nd period - Wrist shot by Corey Trivino.
18:22 of 2nd period - Stopped by Joe Cannata with a rebound.
18:24 of 2nd period - Slapshot by Corey Trivino.
18:24 of 2nd period - Shot Misses the Net.
18:26 of 2nd period - Wrist shot by Corey Trivino.
18:26 of 2nd period - Stopped by Joe Cannata with a rebound.
18:28 of 2nd period - Wrist shot by Corey Trivino.
18:28 of 2nd period - Stopped by Joe Cannata with a rebound.
18:30 of 2nd period - Snap shot by Jordan Caron.
18:30 of 2nd period - Shot Misses the Net.
18:37 of 2nd period - Icing by Mike Sauer.
18:38 of 2nd period - Josh Beaulieu wins face-off versus Danny Kristo in Demolitions zone.
19:10 of 2nd period - Mike Reilly is hit by Erik Condra and loses puck.
Goals for this period are 0 for Staline vs 1 for Demolitions.
Shots for this period are 11 for Staline vs 4 for Demolitions.
3rd period
0:01 of 3rd period - Darren Helm wins face-off versus Lars Eller in neutral zone.
0:09 of 3rd period - Snap shot by Erik Condra.
0:09 of 3rd period - Shot Misses the Net.
0:11 of 3rd period - Slapshot by Cameron Schilling.
0:11 of 3rd period - Stopped by Allen York with a rebound.
0:13 of 3rd period - Wrist shot by Ryan Bayda.
0:13 of 3rd period - Shot Misses the Net.
0:27 of 3rd period - Nicolas Blanchard is hit by Tyler Pitlick and loses puck.
0:34 of 3rd period - Backhand shot by David Desharnais.
0:34 of 3rd period - Stopped by Joe Cannata without a rebound.
0:35 of 3rd period - Lars Eller wins face-off versus Nicolas Blanchard in Demolitions zone.
1:31 of 3rd period - Slapshot by Dustin Kohn.
1:31 of 3rd period - Shot Misses the Net.
1:50 of 3rd period - Nick Pryor is hit by Jiri Sekac and loses puck.
2:03 of 3rd period - Slapshot by Cameron Schilling.
2:03 of 3rd period - Shot Misses the Net.
2:05 of 3rd period - Snap shot by Corban Knight.
2:05 of 3rd period - Shot Misses the Net.
2:07 of 3rd period - Snap shot by Corban Knight.
2:07 of 3rd period - Stopped by Allen York without a rebound.
2:08 of 3rd period - Lars Eller wins face-off versus Corban Knight in Staline zone.
2:15 of 3rd period - Snap shot by Billy Sweat.
2:15 of 3rd period - Shot Misses the Net.
2:17 of 3rd period - Snap shot by Andrew Campbell.
2:17 of 3rd period - Shot Misses the Net.
2:48 of 3rd period - Slapshot by Dustin Kohn.
2:48 of 3rd period - Deflect By David Desharnais.
2:48 of 3rd period - Shot Blocked by Brandon McMillan.
2:48 of 3rd period - Puck is out of play.
2:49 of 3rd period - James Sheppard wins face-off versus Brandon McMillan in Demolitions zone.
2:56 of 3rd period - Snap shot by Ryan Bayda.
2:56 of 3rd period - Shot Hit the Post.
2:58 of 3rd period - Slapshot by Brandon McMillan.
2:58 of 3rd period - Shot Misses the Net.
3:00 of 3rd period - Snap shot by Ryan Russell.
3:00 of 3rd period - Goal by Ryan Russell - Staline : 1 - Demolitions : 3.
3:01 of 3rd period - Lars Eller wins face-off versus Darren Helm in neutral zone.
3:03 of 3rd period - Off-side.
3:04 of 3rd period - Darren Helm wins face-off versus Lars Eller in neutral zone.
3:13 of 3rd period - Snap shot by Erik Condra.
3:13 of 3rd period - Shot Misses the Net.
3:20 of 3rd period - Stu Bickel is hit by Mike Sauer and loses puck.
3:27 of 3rd period - Minor Penalty to Mike Sauer for Hooking.
3:28 of 3rd period - Lars Eller wins face-off versus Darren Helm in Demolitions zone.
3:33 of 3rd period - Snap shot by Lars Eller.
3:33 of 3rd period - Shot Misses the Net.
3:35 of 3rd period - Snap shot by Lars Eller.
3:35 of 3rd period - Shot Blocked by Cameron Schilling.
3:37 of 3rd period - Snap shot by Nick Spaling.
3:37 of 3rd period - Deflect By Lars Eller.
3:37 of 3rd period - Shot Blocked by Ryan Bayda.
3:37 of 3rd period - Puck is out of play.
3:38 of 3rd period - Lars Eller wins face-off versus Darren Helm in Demolitions zone.
3:53 of 3rd period - Wrist shot by Darren Helm.
3:53 of 3rd period - Stopped by Allen York without a rebound.
3:54 of 3rd period - Darren Helm wins face-off versus Lars Eller in Staline zone.
3:57 of 3rd period - Wrist shot by Ryan Bayda.
3:57 of 3rd period - Shot Blocked by Nick Spaling.
4:07 of 3rd period - Slapshot by Dustin Kohn.
4:07 of 3rd period - Stopped by Joe Cannata with a rebound.
4:25 of 3rd period - Snap shot by Jack Skille.
4:25 of 3rd period - Shot Misses the Net.
4:27 of 3rd period - Snap shot by Erik Condra.
4:27 of 3rd period - Stopped by Allen York with a rebound.
4:31 of 3rd period - Wrist shot by Erik Condra.
4:31 of 3rd period - Stopped by Allen York without a rebound.
4:32 of 3rd period - Lars Eller wins face-off versus Erik Condra in Staline zone.
5:27 of 3rd period - Penalty to Mike Sauer is over, Mike Sauer is back on ice.
5:37 of 3rd period - Backhand shot by Nicolas Blanchard.
5:37 of 3rd period - Stopped by Allen York with a rebound.
5:39 of 3rd period - Snap shot by Frazer Mclaren.
5:39 of 3rd period - Deflect By Jack Skille.
5:39 of 3rd period - Stopped by Allen York without a rebound.
5:40 of 3rd period - Corey Trivino wins face-off versus Nicolas Blanchard in Staline zone.
5:42 of 3rd period - Minor Penalty to Stu Bickel for High sticking.
5:43 of 3rd period - Darren Helm wins face-off versus Jiri Tlusty in Staline zone.
7:03 of 3rd period - Erik Condra is hit by Lars Eller and loses puck.
7:20 of 3rd period - Cameron Schilling is hit by Marek Zagrapan and loses puck.
7:42 of 3rd period - Penalty to Stu Bickel is over, Stu Bickel is back on ice.
7:43 of 3rd period - Wrist shot by Corban Knight.
7:43 of 3rd period - Goal by Corban Knight - Staline : 1 - Demolitions : 4.
7:43 of 3rd period - Malcolm Subban enters game.
7:44 of 3rd period - Corban Knight wins face-off versus David Desharnais in neutral zone.
8:10 of 3rd period - Dustin Kohn is hit by Andrew Campbell and loses puck.
8:18 of 3rd period - Off-side.
8:19 of 3rd period - Lars Eller wins face-off versus Darren Helm in neutral zone.
8:32 of 3rd period - Snap shot by Ryan Bayda.
8:32 of 3rd period - Shot Misses the Net.
8:54 of 3rd period - Snap shot by David Desharnais.
8:54 of 3rd period - Stopped by Joe Cannata with a rebound.
9:03 of 3rd period - Cameron Schilling is hit by Bryan Bickell and loses puck.
9:36 of 3rd period - Mike Reilly is hit by Cameron Schilling.
10:41 of 3rd period - Off-side.
10:42 of 3rd period - Corban Knight wins face-off versus Lars Eller in neutral zone.
10:45 of 3rd period - Wrist shot by Billy Sweat.
10:45 of 3rd period - Shot Misses the Net.
11:05 of 3rd period - Snap shot by David Desharnais.
11:05 of 3rd period - Stopped by Joe Cannata with a rebound.
11:11 of 3rd period - Snap shot by James Sheppard.
11:11 of 3rd period - Stopped by Joe Cannata with a rebound.
11:13 of 3rd period - Snap shot by Tyler Pitlick.
11:13 of 3rd period - Stopped by Joe Cannata without a rebound.
11:14 of 3rd period - Nick Spaling wins face-off versus Darren Helm in Demolitions zone.
11:42 of 3rd period - Slapshot by James Sheppard.
11:42 of 3rd period - Deflect By Tyler Pitlick.
11:42 of 3rd period - Shot Blocked by Taylor Aronson.
11:42 of 3rd period - Puck is out of play.
11:43 of 3rd period - Darren Helm wins face-off versus Lars Eller in Demolitions zone.
11:43 of 3rd period - Darren Helm is hit by Nick Spaling.
11:48 of 3rd period - Off-side.
11:49 of 3rd period - Darren Helm wins face-off versus Lars Eller in neutral zone.
12:28 of 3rd period - Wrist shot by Ryan Bayda.
12:28 of 3rd period - Stopped by Malcolm Subban with a rebound.
12:47 of 3rd period - Wrist shot by Marek Zagrapan.
12:47 of 3rd period - Stopped by Joe Cannata with a rebound.
13:01 of 3rd period - Slapshot by Cameron Schilling.
13:01 of 3rd period - Stopped by Malcolm Subban without a rebound.
13:02 of 3rd period - Nicolas Blanchard wins face-off versus Lars Eller in Staline zone.
13:11 of 3rd period - Snap shot by Nicolas Blanchard.
13:11 of 3rd period - Shot Misses the Net.
13:32 of 3rd period - Snap shot by Corey Trivino.
13:32 of 3rd period - Shot Misses the Net.
13:34 of 3rd period - Wrist shot by Jordan Caron.
13:34 of 3rd period - Goal by Jordan Caron - Staline : 2 - Demolitions : 4.
13:35 of 3rd period - Lars Eller wins face-off versus Nicolas Blanchard in neutral zone.
13:45 of 3rd period - Minor Penalty to Nick Spaling for Cross-checking.
13:46 of 3rd period - Darren Helm wins face-off versus Jiri Tlusty in Staline zone.
14:02 of 3rd period - Snap shot by Erik Condra.
14:02 of 3rd period - Shot Blocked by Viktor Loov.
15:01 of 3rd period - Icing by Andrew Campbell.
15:02 of 3rd period - Darren Helm wins face-off versus Jiri Tlusty in Demolitions zone.
15:13 of 3rd period - Nicolas Blanchard is hit by Marek Zagrapan and loses puck.
15:45 of 3rd period - Penalty to Nick Spaling is over, Nick Spaling is back on ice.
16:06 of 3rd period - Philip Larsen is hit by Seth Helgeson and loses puck.
16:11 of 3rd period - Snap shot by Alex Hutchings.
16:11 of 3rd period - Stopped by Malcolm Subban with a rebound.
16:13 of 3rd period - Slapshot by Taylor Aronson.
16:13 of 3rd period - Shot Blocked by Brandon Burlon.
16:15 of 3rd period - Snap shot by Taylor Aronson.
16:15 of 3rd period - Shot Misses the Net.
17:51 of 3rd period - Jack Skille is hit by Tyler Pitlick and loses puck.
19:02 of 3rd period - Icing by Frazer Mclaren.
19:03 of 3rd period - Lars Eller wins face-off versus Nicolas Blanchard in Demolitions zone.
19:08 of 3rd period - Slapshot by Nick Spaling.
19:08 of 3rd period - Goal by Nick Spaling - Staline : 3 - Demolitions : 4.
19:09 of 3rd period - Darren Helm wins face-off versus Lars Eller in neutral zone.
19:26 of 3rd period - Wrist shot by Darren Helm.
19:26 of 3rd period - Stopped by Malcolm Subban with a rebound.
19:28 of 3rd period - Slapshot by Cameron Schilling.
19:28 of 3rd period - Shot Misses the Net.
19:30 of 3rd period - Wrist shot by Ryan Bayda.
19:30 of 3rd period - Stopped by Malcolm Subban with a rebound.
19:32 of 3rd period - Wrist shot by Erik Condra.
19:32 of 3rd period - Stopped by Malcolm Subban with a rebound.
19:34 of 3rd period - Wrist shot by Mike Sauer.
19:34 of 3rd period - Stopped by Malcolm Subban with a rebound.
19:48 of 3rd period - Dustin Kohn is hit by Cameron Schilling and loses puck.
19:56 of 3rd period - Off-side.
19:57 of 3rd period - Guy Carbonneau call a timeout for Staline.
19:57 of 3rd period - Darren Helm wins face-off versus Lars Eller in neutral zone.
Goals for this period are 2 for Staline vs 2 for Demolitions.
Shots for this period are 9 for Staline vs 16 for Demolitions.
Back to the Top